 Dungeon Crawl Stone Soup version 0.24.0-1-gfbc8707 (webtiles) character file.

Game seed: 6475221970162258894, levelgen mode: deterministic

2751 dforspid the Shield-Bearer (level 9, -1/78 HPs)
             Began as a Gnoll Wanderer on Oct 29, 2019.
             Was a Believer of Okawaru.
             Slain by Erica
             ... wielding a +0 scimitar of flaming
              (2 damage)
             ... on level 8 of the Dungeon.
             The game lasted 00:20:47 (6367 turns).

dforspid the Shield-Bearer (Gnoll Wanderer)         Turns: 6367, Time: 00:20:48

Health: -1/78      AC: 12    Str: 16    XL:     9   Next: 68%
Magic:  14/15      EV: 22    Int: 11    God:    Okawaru [**....]
Gold:   387        SH: 12    Dex: 19    Spells: 16/16 levels left

rFire    + . .     SeeInvis .   a - +9 long sword "Dyabav" {holy, Stlth+}
rCold    . . .     Gourm    .   f - +0 shield
rNeg     . . .     Faith    .   y - +3 leather armour of Qazlal's Delight {rElec rF+ Int-5 Dex+4}
rPois    .         Spirit   .   (no helmet)
rElec    +         Reflect  .   w - scarf {repulsion}
rCorr    .         Harm     .   j - +0 pair of gloves
MR       .....     Clarity  +   l - +0 pair of boots
Stlth    +++++.....             (no amulet)
HPRegen  0.23/turn              u - +3 ring of evasion
MPRegen  0.14/turn              p - ring of flight

@: lethally poisoned (-1 -> -3), heroism, hasted and slowed, repel missiles
A: distributed training, fangs 1, slimy green scales 1, clarity, robust 1,
strong nose
a: Heroism, Renounce Religion, Evoke Flight


You were on level 8 of the Dungeon.
You worshipped Okawaru.
Okawaru was pleased with you.
You were not hungry.

You visited 2 branches of the dungeon, and saw 9 of its levels.

You collected 387 gold pieces.

Inventory:

Hand Weapons
 a - the +9 long sword "Dyabav" (weapon) {holy, Stlth+}
   (You found it on level 6 of the Dungeon)

   It has been blessed by the Shining One to cause great damage to the undead
   and demons.
   It makes you more stealthy.
 b - a +2 war axe of flaming
 B - a +0 shortbow
Missiles
 c - 157 arrows
 s - 21 boomerangs (quivered)
Armour
 f - a +0 shield (worn)
 j - a +0 pair of gloves (worn)
 l - a +0 pair of boots (worn)
 w - a scarf of repulsion (worn)
 y - the +3 leather armour of Qazlal's Delight (worn) {rElec rF+ Int-5 Dex+4}
   (You found it on level 4 of the Dungeon)

   It affects your intelligence (-5).
   It affects your dexterity (+4).
   It protects you from fire.
   It insulates you from electricity.
Jewellery
 h - an uncursed ring of fire
 p - a ring of flight (right hand)
 u - a +3 ring of evasion (left hand)
Scrolls
 i - 2 scrolls of fear
 k - a scroll of noise
 n - 5 scrolls of remove curse
 o - 3 scrolls of identify
 q - 6 scrolls of teleportation
 r - a scroll of immolation
 t - a scroll of blinking
 v - a scroll of random uselessness
 x - a scroll of enchant armour
Potions
 d - 2 potions of lignification
 z - 3 potions of mutation
 A - a potion of might
 D - a potion of flight
Comestibles
 g - 15 rations
 C - 7 chunks of flesh


   Skills:
 + Level 6.4(11.4) Fighting
 + Level 4.4(9.4) Short Blades
 + Level 4.4(9.4) Long Blades
 + Level 4.4(9.4) Axes
 + Level 4.4(9.4) Maces & Flails
 + Level 5.2(10.2) Polearms
 + Level 4.4(9.4) Staves
 + Level 4.4(9.4) Slings
 + Level 6.4(11.4) Bows
 + Level 4.4(9.4) Crossbows
 + Level 4.4(9.4) Throwing
 + Level 5.2(10.2) Armour
 + Level 5.2(10.2) Dodging
 + Level 5.0(10.0) Stealth
 + Level 6.4(11.4) Shields
 + Level 4.4(9.4) Unarmed Combat
 + Level 4.4 Spellcasting
 + Level 3.6 Conjurations
 + Level 3.6 Hexes
 + Level 3.6 Charms
 + Level 3.6 Summonings
 + Level 3.6 Necromancy
 + Level 3.6 Translocations
 + Level 3.6 Transmutations
 + Level 3.6 Fire Magic
 + Level 3.6 Ice Magic
 + Level 3.6 Air Magic
 + Level 3.6 Earth Magic
 + Level 3.6 Poison Magic
 + Level 4.8 Invocations
 + Level 4.4 Evocations


You had 16 spell levels left.
You didn't know any spells.
Your spell library was empty.

Dungeon Overview and Level Annotations

Branches:
Dungeon (8/15)             Temple (1/1) D:5
   Lair: D:8-11

Altars:
Ashenzari
Cheibriados
Dithmenos
Elyvilon
Fedhas
Gozag
Hepliaklqana
Kikubaaqudgha
Makhleb
Nemelex Xobeh
Okawaru
Qazlal
Ru
Sif Muna
Trog
Uskayaw
Vehumet
Wu Jian
Xom
Yredelemnul
Zin
The Shining One

Shops:
D:4 [

Annotations:
D:8 Erica


Innate Abilities, Weirdness & Mutations

Your experience applies equally to all skills.
You have very sharp teeth.
Your uncanny sense of smell can sniff out nearby items.
You are partially covered in slimy green scales. (AC +2)
You possess an exceptional clarity of mind.
You are robust. (+10% HP)


Message History

Something tries to affect you, but you resist.
You slash something!
You feel sick. Something hits you!
* * * LOW HITPOINT WARNING * * *
Something hits you.
* * * LOW HITPOINT WARNING * * *
You miss something.
You feel sick. Something hits you!
* * * LOW HITPOINT WARNING * * *
Something burns you.
* * * LOW HITPOINT WARNING * * *
You barely miss something.
You feel sick. Something hits you but does no damage.
You feel yourself speed up.
You feel sick.
You hear some strange, mumbled words.
You feel momentarily confused.
You slash something! Your bite misses something. Something hits you.
* * * LOW HITPOINT WARNING * * *
Something burns you.
* * * LOW HITPOINT WARNING * * *
You barely miss something. Something hits you.
You die...

... .. .. )#
# ###.##.#
##......#
#.###.......#
#.....{@#
.......†#
.........
.......... ∆
...........
.....######.∆
..).. ..
..... ..


There were no monsters in sight!

Vanquished Creatures
  A human (D:7)
  4 hogs (D:7)
  A water moccasin (D:6)
  3 sky beasts
  A necrophage (D:5)
  2 phantoms (D:6)
  3 ogres
  A bullfrog (D:6)
  2 scorpions
  5 wights (D:6)
  2 howler monkeys
  3 hounds
  6 orc priests
  A centaur skeleton (D:6)
  3 iguanas
  6 worker ants
  7 gnolls (D:7)
  6 adders
  A shadow imp (D:6)
  2 adder skeletons
  2 worms
  A dart slug (D:2)
  4 leopard geckos
  10 orcs
  8 bats
  4 giant cockroaches
  6 goblins (D:1)
  6 hobgoblins
  4 jackals (D:1)
  7 kobolds
  2 quokkas
  3 ball pythons
  4 frilled lizards
  A jackal skeleton (D:6)
  4 rats
126 creatures vanquished.

Notes
Turn   | Place    | Note
-------+----------+-------------------------------------------
     0 | D:1      | dforspid the Gnoll Wanderer began the quest for the Orb.
     0 | D:1      | dforspid set off with the following items: a +0 club, a +0
                  | shortbow, 20 arrows, a potion of lignification, a +0 robe,
                  | a +0 shield, a ration
     0 | D:1      | Reached XP level 1. HP: 20/20 MP: 1/1
   343 | D:1      | Reached XP level 2. HP: 22/26 MP: 2/2
   752 | D:1      | Reached XP level 3. HP: 29/31 MP: 3/3
  1303 | D:2      | Reached skill level 1 in Invocations
  1644 | D:2      | Reached skill level 1 in Short Blades
  1644 | D:2      | Reached skill level 1 in Long Blades
  1644 | D:2      | Reached skill level 1 in Axes
  1644 | D:2      | Reached skill level 1 in Maces & Flails
  1644 | D:2      | Reached skill level 1 in Staves
  1644 | D:2      | Reached skill level 1 in Slings
  1644 | D:2      | Reached skill level 1 in Crossbows
  1644 | D:2      | Reached skill level 1 in Throwing
  1644 | D:2      | Reached skill level 1 in Unarmed Combat
  1644 | D:2      | Reached skill level 1 in Spellcasting
  1644 | D:2      | Reached skill level 1 in Evocations
  1885 | D:2      | Reached XP level 4. HP: 38/38 MP: 5/5
  1931 | D:3      | Found a hide-covered altar of Uskayaw.
  1932 | D:3      | Found a shimmering blue altar of Sif Muna.
  2079 | D:3      | Found a hazy altar of Hepliaklqana.
  2105 | D:3      | Reached skill level 1 in Conjurations
  2105 | D:3      | Reached skill level 1 in Hexes
  2105 | D:3      | Reached skill level 1 in Charms
  2105 | D:3      | Reached skill level 1 in Summonings
  2105 | D:3      | Reached skill level 1 in Necromancy
  2105 | D:3      | Reached skill level 1 in Translocations
  2105 | D:3      | Reached skill level 1 in Transmutations
  2105 | D:3      | Reached skill level 1 in Fire Magic
  2105 | D:3      | Reached skill level 1 in Ice Magic
  2105 | D:3      | Reached skill level 1 in Air Magic
  2105 | D:3      | Reached skill level 1 in Earth Magic
  2105 | D:3      | Reached skill level 1 in Poison Magic
  2105 | D:3      | Reached XP level 5. HP: 31/43 MP: 5/7
  2107 | D:3      | Noticed a sky beast
  2129 | D:3      | Gained mutation: You are partially covered in slimy green
                  | scales. (AC +2) [potion of mutation]
  2129 | D:3      | Gained mutation: You are robust. (+10% HP) [potion of
                  | mutation]
  2129 | D:3      | Gained mutation: You possess an exceptional clarity of
                  | mind. [potion of mutation]
  2144 | D:3      | Killed a sky beast
  2144 | D:3      | Reached XP level 6. HP: 46/55 MP: 8/8
  2813 | D:3      | Reached skill level 5 in Fighting
  2813 | D:3      | Reached skill level 5 in Bows
  2813 | D:3      | Reached skill level 5 in Shields
  3041 | D:4      | Got a heavily runed leather armour
  3052 | D:4      | Identified the +3 leather armour of Qazlal's Delight {rElec
                  | rF+ Int-5 Dex+4} (You found it on level 4 of the Dungeon)
  3214 | D:4      | Found Niojifeh's Antique Armour Emporium.
  3235 | D:4      | Reached XP level 7. HP: 61/61 MP: 10/10
  3269 | D:5      | Entered Level 5 of the Dungeon
  3450 | D:5      | Found a blossoming altar of Fedhas.
  3616 | D:5      | Found a staircase to the Ecumenical Temple.
  3645 | Temple   | Entered the Ecumenical Temple
  3778 | Temple   | Became a worshipper of Warmaster Okawaru
  4530 | D:6      | Reached XP level 8. HP: 57/69 MP: 12/12
  4544 | D:6      | Got a steaming long sword
  4545 | D:6      | Identified the +9 long sword "Dyabav" {holy, Stlth+} (You
                  | found it on level 6 of the Dungeon)
  4898 | D:6      | Reached * piety under Okawaru
  5321 | D:7      | Found a sacrificial altar of Ru.
  5347 | D:6      | Reached ** piety under Okawaru
  5347 | D:6      | Reached XP level 9. HP: 8/75 MP: 14/14
  5942 | D:7      | Found a white marble altar of Elyvilon.
  6085 | D:7      | Reached skill level 5 in Polearms
  6085 | D:7      | Reached skill level 5 in Armour
  6085 | D:7      | Reached skill level 5 in Dodging
  6251 | D:7      | Reached skill level 5 in Stealth
  6350 | D:8      | Noticed Erica
  6366 | D:8      | HP: 2/78 [something (5)]
  6367 | D:8      | Slain by Erica

Levels and vault maps discovered:
D:1:      elethiomel_arrival_quiet, layout_loops_ring
D:2:      layout_loops_ring, first_ration
D:3:      layout_rooms, nicolae_overflow_hidden_temple, serial_bayou_pond_b
D:4:      layout_rooms, serial_shops, nicolae_shop_behind_doors,
          serial_bayou_pond_d
D:5:      layout_basic, marbit_many_paths, minmay_temple_entry_glassed_door
D:6:      layout_loops_corners, serial_glass, glass_columns_a, glass_columns_a,
          minmay_strange_pillars
D:7:      layout_basic, lemuel_doored_altar, old_standard_altar,
          serial_corexii_hall, corexii_hall_statues_i, corexii_hall_statues_l,
          grunt_livestock
D:8:      layout_basic, chequers_ossuary_entry_cave, serial_shops, shop,
          uniq_erica, uniq_psyche
Temple:   eino_temple_rhombus

Skill      XL: |  1  2  3  4  5  6  7  8  9 |
---------------+----------------------------+-----
Invocations    | 1 2 3 4 |  4.8
Short Blades   | 1 2 3 4 |  4.4
Long Blades    | 1 2 3 4 |  4.4
Axes           | 1 2 3 4 |  4.4
Maces & Flails | 1 2 3 4 |  4.4
Staves         | 1 2 3 4 |  4.4
Slings         | 1 2 3 4 |  4.4
Crossbows      | 1 2 3 4 |  4.4
Throwing       | 1 2 3 4 |  4.4
Unarmed Combat | 1 2 3 4 |  4.4
Spellcasting   | 1 2 3 4 |  4.4
Evocations     | 1 2 3 4 |  4.4
Conjurations   | 1 2 3 |  3.6
Hexes          | 1 2 3 |  3.6
Charms         | 1 2 3 |  3.6
Summonings     | 1 2 3 |  3.6
Necromancy     | 1 2 3 |  3.6
Translocations | 1 2 3 |  3.6
Transmutations | 1 2 3 |  3.6
Fire Magic     | 1 2 3 |  3.6
Ice Magic      | 1 2 3 |  3.6
Air Magic      | 1 2 3 |  3.6
Earth Magic    | 1 2 3 |  3.6
Poison Magic   | 1 2 3 |  3.6
Polearms       | 3 4 5 |  5.2
Armour         | 3 4 5 |  5.2
Dodging        | 3 4 5 |  5.2
Stealth        | 3 4 5 |  5.0
Fighting       | 5 6 |  6.4
Bows           | 5 6 |  6.4
Shields        | 5 6 |  6.4

Action                   |  1- 3 |  4- 6 |  7- 9 || total
-------------------------+-------+-------+-------++-------
Melee: Club              |    71 |       |       ||    71
       Bite              |    15 |     5 |    32 ||    52
       Short sword       |   114 |     5 |       ||   119
       Scimitar          |       |    84 |    85 ||   169
       Long sword        |       |       |   143 ||   143
Throw: Boomerang         |     1 |    11 |     6 ||    18
Invok: Heroism           |       |       |     1 ||     1
  Use: Scroll            |     2 |     1 |     7 ||    10
       Potion            |       |     5 |     5 ||    10
 Stab: Sleeping          |     5 |     4 |     7 ||    16
       Distracted        |       |       |     3 ||     3
  Eat: Chunk             |     3 |     5 |     3 ||    11
       Ration            |       |       |     2 ||     2
Armor: Robe              |    13 |       |       ||    13
       Leather armour    |    37 |    15 |    50 ||   102
       Skin              |       |     7 |       ||     7
Dodge: Dodged            |    85 |    41 |   119 ||   245
       Deflected         |       |     2 |     1 ||     3
Block: Shield            |   103 |    33 |   110 ||   246
       Rpst.: Scimitar   |       |    12 |    10 ||    22
       Long sword        |       |       |    26 ||    26
